| TOP OF THE 1ST |
|
Oakland Athletics batting - Pitching for Los Angeles Dodgers : RHP Jon Harris
|
|
Pitching: RHP Jon Harris
|
|
|
Batting: LHB R.J. O'Brien
|
0-0: Ball 1-0: Foul Ball, location: 2F 1-1: Called Strike 1-2: Foul Ball, location: 2F 1-2: Ball 2-2: SOLO HOME RUN (Flyball, 89XD, EV 104.4 MPH), Distance : 393 ft
|
|
Batting: RHB Robby Juarez
|
0-0: Called Strike 0-1: Called Strike 0-2: Ball 1-2: Ball 2-2: Foul Ball, location: 2F 2-2: Fly out, F9 (Flyball, 89D, EV 96.2 MPH)
|
|
Batting: LHB Bob Branham
|
0-0: Ball 1-0: Ground out 5-3 (Groundball, 5, EV 103.8 MPH)
|
|
Batting: RHB Jorge Severiano
|
0-0: Ball 1-0: Swinging Strike 1-1: Foul Ball, location: 2F 1-2: Foul Ball, location: 2F 1-2: Ground out 6-3 (Groundball, 6, EV 101.9 MPH)
|
| Top of the 1st over - 1 run, 1 hit, 0 errors, 0 left on base; Oakland 1 - Los Angeles 0 |
| BOTTOM OF THE 1ST |
|
Los Angeles Dodgers batting - Pitching for Oakland Athletics : RHP Nick Kirk
|
|
Pitching: RHP Nick Kirk
|
|
|
Batting: RHB Tim Nettles
|
0-0: Foul Ball, location: 2F 0-1: Ball 1-1: Ball 2-1: Called Strike 2-2: Strikes out swinging
|
|
Batting: SHB Joel Baker
|
0-0: Ball 1-0: Ball 2-0: Ball 3-0: Base on Balls
|
|
Batting: SHB Shane Marcum
|
0-0: Ball 1-0: Called Strike 1-1: Ball 2-1: Ball 3-1: Foul Ball, location: 2F 3-2: Fly out, F7 (Flyball, 7LS, EV 80.0 MPH)
|
|
Batting: LHB Chris Buchan
|
Pickoff Throw to First - Out! 1-3 CS
|
| Bottom of the 1st over - 0 runs, 0 hits, 0 errors, 0 left on base; Oakland 1 - Los Angeles 0 |
| TOP OF THE 2ND |
|
Oakland Athletics batting - Pitching for Los Angeles Dodgers : RHP Jon Harris
|
|
Batting: SHB Quincy Bradford
|
0-0: Ball 1-0: Swinging Strike 1-1: Fly out, F9 (Flyball, 89D, EV 93.8 MPH)
|
|
Batting: LHB Tom Butterbaugh
|
0-0: Ball 1-0: Called Strike 1-1: Foul Ball, location: 2F 1-2: DOUBLE (Line Drive, 78D, EV 103.8 MPH)
|
|
Batting: LHB Juan Concepcion
|
0-0: Swinging Strike 0-1: Ball 1-1: Foul Ball, location: 2F 1-2: Ball 2-2: Ball 3-2: Base on Balls
|
|
Batting: RHB Nick Gentzel
|
0-0: Ball 1-0: Foul Ball, location: 2F 1-1: Swinging Strike 1-2: Ball 2-2: DOUBLE (Line Drive, 89XD, EV 101.2 MPH) Tom Butterbaugh scores Juan Concepcion to third Runner from 3rd tries for Home, SAFE, no throw by RF
|
|
Batting: SHB Ryan Langlois
|
0-0: Foul Ball, location: 2F 0-1: Ball 1-1: 2-RUN HOME RUN (Flyball, 78XD, EV 110.0 MPH), Distance : 412 ft
|
|
Batting: LHB R.J. O'Brien
|
0-0: Called Strike 0-1: Called Strike 0-2: Ball 1-2: Ground out 6-3 (Groundball, 6, EV 82.5 MPH)
|
|
Batting: RHB Robby Juarez
|
0-0: Called Strike 0-1: Fly out, F7 (Line Drive, 78M, EV 83.8 MPH)
|
| Top of the 2nd over - 4 runs, 3 hits, 0 errors, 0 left on base; Oakland 5 - Los Angeles 0 |
| BOTTOM OF THE 2ND |
|
Los Angeles Dodgers batting - Pitching for Oakland Athletics : RHP Nick Kirk
|
|
Batting: LHB Chris Buchan
|
0-0: Fly out, F8 (Line Drive, 8RD, EV 85.0 MPH)
|
|
Batting: RHB Danny Dyer
|
0-0: Ball 1-0: Ball 2-0: Ball 3-0: Called Strike 3-1: Called Strike 3-2: Base on Balls
|
|
Batting: RHB John Piccolo
|
0-0: Ball 1-0: Foul Ball, location: 2F 1-1: Ball 2-1: Foul Ball, location: 2F 2-2: Ball 3-2: Base on Balls Danny Dyer to second
|
|
Batting: RHB Wing-kit Bu
|
0-0: Ball 1-0: SINGLE (Line Drive, 8LS, EV 105.0 MPH) Danny Dyer to third John Piccolo to second Runner from 3rd tries for Home, throw by CF and OUT! 8-2
|
|
Batting: SHB Benjamin Brown
|
0-0: Fly out, F7 (Line Drive, 78M, EV 88.1 MPH)
|
| Bottom of the 2nd over - 0 runs, 1 hit, 0 errors, 2 left on base; Oakland 5 - Los Angeles 0 |
| TOP OF THE 3RD |
|
Oakland Athletics batting - Pitching for Los Angeles Dodgers : RHP Jon Harris
|
|
Batting: LHB Bob Branham
|
0-0: Ball 1-0: Ball 2-0: Called Strike 2-1: Foul Ball, location: 2F 2-2: Strikes out swinging
|
|
Batting: RHB Jorge Severiano
|
0-0: Called Strike 0-1: Swinging Strike 0-2: Ball 1-2: Strikes out swinging
|
|
Batting: SHB Quincy Bradford
|
0-0: Swinging Strike 0-1: Ball 1-1: Ground out 4-3 (Groundball, 4, EV 104.4 MPH)
|
| Top of the 3rd over - 0 runs, 0 hits, 0 errors, 0 left on base; Oakland 5 - Los Angeles 0 |
| BOTTOM OF THE 3RD |
|
Los Angeles Dodgers batting - Pitching for Oakland Athletics : RHP Nick Kirk
|
|
Batting: RHB Rodolfo Rivera
|
0-0: Called Strike 0-1: Swinging Strike 0-2: Foul Ball, location: 2F 0-2: Ball 1-2: Strikes out swinging
|
|
Batting: RHB Tim Nettles
|
0-0: DOUBLE (Line Drive, 89D, EV 106.2 MPH)
|
|
Batting: SHB Joel Baker
|
0-0: Called Strike 0-1: Foul Ball, location: 2F 0-2: Ball 1-2: Foul Ball, location: 2F 1-2: Ball 2-2: Ball 3-2: Foul Ball, location: 2F 3-2: Fly out, F8 (Flyball, 8RM, EV 73.8 MPH)
|
|
Batting: SHB Shane Marcum
|
0-0: Called Strike 0-1: Foul Ball, location: 2F 0-2: Foul Ball, location: 2F 0-2: Ball 1-2: Ball 2-2: DOUBLE (Line Drive, 78D, EV 111.2 MPH) Tim Nettles scores
|
|
Batting: LHB Chris Buchan
|
0-0: Swinging Strike 0-1: Ball 1-1: Called Strike 1-2: Foul Ball, location: 2F 1-2: Ground out U3 (Groundball, 3S, EV 63.1 MPH)
|
| Bottom of the 3rd over - 1 run, 2 hits, 0 errors, 1 left on base; Oakland 5 - Los Angeles 1 |
| TOP OF THE 4TH |
|
Oakland Athletics batting - Pitching for Los Angeles Dodgers : RHP Jon Harris
|
|
Pitching: RHP Nate Allen
|
|
|
Batting: LHB Tom Butterbaugh
|
0-0: Ball 1-0: Called Strike 1-1: Called Strike 1-2: Foul Ball, location: 2F 1-2: Fly out, F5 (Line Drive, 5, EV 70.0 MPH)
|
|
Batting: LHB Juan Concepcion
|
0-0: Ball 1-0: Ball 2-0: Ball 3-0: Called Strike 3-1: Foul Ball, location: 2F 3-2: Base on Balls
|
|
Batting: RHB Nick Gentzel
|
0-0: Called Strike 0-1: Foul Ball, location: 2F 0-2: Foul Ball, location: 2F 0-2: Foul Ball, location: 2F 0-2: Ball 1-2: Foul Ball, location: 2F 1-2: Foul Ball, location: 2F 1-2: Strikes out swinging
|
|
Batting: SHB Ryan Langlois
|
0-0: Called Strike 0-1: Ball Pickoff Throw to First - Out! 1-3
|
| Top of the 4th over - 0 runs, 0 hits, 0 errors, 0 left on base; Oakland 5 - Los Angeles 1 |
| BOTTOM OF THE 4TH |
|
Los Angeles Dodgers batting - Pitching for Oakland Athletics : RHP Nick Kirk
|
|
Batting: RHB Danny Dyer
|
0-0: Ball 1-0: Called Strike 1-1: Called Strike 1-2: Fly out, F9 (Flyball, 9S, EV 84.4 MPH)
|
|
Batting: RHB John Piccolo
|
0-0: Ball 1-0: Foul Ball, location: 2F 1-1: Fly out, F8 (Line Drive, 8RM, EV 92.5 MPH)
|
|
Batting: RHB Wing-kit Bu
|
0-0: Ball 1-0: Foul Ball, location: 2F 1-1: Called Strike 1-2: Ball 2-2: TRIPLE (Line Drive, 7D, EV 102.5 MPH)
|
|
Batting: SHB Benjamin Brown
|
0-0: Called Strike 0-1: Foul Ball, location: 2F 0-2: Strikes out swinging
|
| Bottom of the 4th over - 0 runs, 1 hit, 0 errors, 1 left on base; Oakland 5 - Los Angeles 1 |
| TOP OF THE 5TH |
|
Oakland Athletics batting - Pitching for Los Angeles Dodgers : RHP Nate Allen
|
|
Batting: SHB Ryan Langlois
|
0-0: Called Strike 0-1: SINGLE (Line Drive, 89M, EV 98.1 MPH)
|
|
Batting: LHB R.J. O'Brien
|
0-0: Ball Ryan Langlois steals 2nd base 1-0: Ball 2-0: Ball 3-0: Base on Balls
|
|
Batting: RHB Robby Juarez
|
0-0: Fly out, F7 (Flyball, 7, EV 86.9 MPH) Runner from 2nd tags up, OUT at 3rd! 7-5
|
|
Batting: LHB Bob Branham
|
0-0: Fly out, F9 (Flyball, 9D, EV 106.9 MPH)
|
| Top of the 5th over - 0 runs, 1 hit, 0 errors, 1 left on base; Oakland 5 - Los Angeles 1 |
| BOTTOM OF THE 5TH |
|
Los Angeles Dodgers batting - Pitching for Oakland Athletics : RHP Nick Kirk
|
|
Batting: RHB Rodolfo Rivera
|
0-0: Ball 1-0: Foul Ball, location: 2F 1-1: Foul Ball, location: 2F 1-2: Foul Ball, location: 2F 1-2: Ball 2-2: Strikes out swinging
|
|
Batting: RHB Tim Nettles
|
0-0: Ball 1-0: Ball 2-0: Ball 3-0: Base on Balls
|
|
Batting: SHB Joel Baker
|
0-0: Called Strike 0-1: SINGLE (Line Drive, 4D, EV 104.4 MPH) Tim Nettles to second
|
|
Batting: SHB Shane Marcum
|
0-0: Ball 1-0: Called Strike 1-1: Swinging Strike 1-2: Ball 2-2: Strikes out swinging
|
|
Batting: LHB Chris Buchan
|
0-0: Called Strike 0-1: Ball 1-1: Foul Ball, location: 2F 1-2: Fly out, F9 (Flyball, 89D, EV 99.4 MPH)
|
| Bottom of the 5th over - 0 runs, 1 hit, 0 errors, 2 left on base; Oakland 5 - Los Angeles 1 |
| TOP OF THE 6TH |
|
Oakland Athletics batting - Pitching for Los Angeles Dodgers : RHP Nate Allen
|
|
Batting: RHB Jorge Severiano
|
0-0: Ball 1-0: Called Strike 1-1: SOLO HOME RUN (Flyball, 7LD, EV 93.8 MPH), Distance : 344 ft
|
|
Pitching: RHP Chris Geraci
|
|
|
Batting: SHB Quincy Bradford
|
0-0: Ball 1-0: Foul Ball, location: 2F 1-1: Foul Ball, location: 2F 1-2: Ground out 4-3 (Groundball, 4, EV 83.1 MPH)
|
|
Batting: LHB Tom Butterbaugh
|
0-0: Ball 1-0: Called Strike 1-1: Foul Ball, location: 2F 1-2: Ground out U3 (Groundball, 3, EV 101.2 MPH)
|
|
Batting: LHB Juan Concepcion
|
0-0: Ball 1-0: Ball 2-0: Ground out U3 (Groundball, 3, EV 93.1 MPH)
|
| Top of the 6th over - 1 run, 1 hit, 0 errors, 0 left on base; Oakland 6 - Los Angeles 1 |
| BOTTOM OF THE 6TH |
|
Los Angeles Dodgers batting - Pitching for Oakland Athletics : RHP Nick Kirk
|
|
Batting: RHB Danny Dyer
|
0-0: Ball 1-0: Ball 2-0: Called Strike 2-1: Foul Ball, location: 2F 2-2: DOUBLE (Line Drive, 9LM, EV 105.0 MPH)
|
|
Batting: RHB John Piccolo
|
0-0: Foul Ball, location: 2F 0-1: Ball 1-1: Foul Ball, location: 2F 1-2: Fly out, F4 (Popup, 34D, EV 56.2 MPH)
|
|
Pitching: LHP David James
|
|
|
Batting: RHB Wing-kit Bu
|
0-0: Called Strike 0-1: Ball 1-1: Ball 2-1: Ground out 1-3 (Groundball, 15S, EV 70.6 MPH)
|
|
Batting: SHB Benjamin Brown
|
0-0: Ball 1-0: Ball 2-0: Ground out 5-3 (Groundball, 5S, EV 86.2 MPH)
|
| Bottom of the 6th over - 0 runs, 1 hit, 0 errors, 1 left on base; Oakland 6 - Los Angeles 1 |
| TOP OF THE 7TH |
|
Oakland Athletics batting - Pitching for Los Angeles Dodgers : RHP Chris Geraci
|
|
Batting: RHB Nick Gentzel
|
0-0: Swinging Strike 0-1: Called Strike 0-2: Ball 1-2: Ball 2-2: Foul Ball, location: 2F 2-2: Ball 3-2: Strikes out swinging
|
|
Batting: SHB Ryan Langlois
|
0-0: Ball 1-0: Called Strike 1-1: Ball 2-1: SINGLE (Groundball, 56S, EV 64.4 MPH) (infield hit)
|
|
Batting: LHB R.J. O'Brien
|
0-0: Called Strike 0-1: Fielders Choice at 2nd, 4-6 (Groundball, 4, EV 78.1 MPH)
|
|
Batting: RHB Robby Juarez
|
0-0: Ball 1-0: Called Strike 1-1: Ball 2-1: Swinging Strike 2-2: Strikes out looking
|
| Top of the 7th over - 0 runs, 1 hit, 0 errors, 1 left on base; Oakland 6 - Los Angeles 1 |
| BOTTOM OF THE 7TH |
|
Los Angeles Dodgers batting - Pitching for Oakland Athletics : LHP David James
|
|
Batting: RHB Rodolfo Rivera
|
0-0: Fly out, F8 (Flyball, 8RS, EV 96.2 MPH)
|
|
Batting: RHB Tim Nettles
|
0-0: Ball 1-0: Ball 2-0: Foul Ball, location: 2F 2-1: Foul Ball, location: 2F 2-2: Strikes out looking
|
|
Batting: SHB Joel Baker
|
0-0: Swinging Strike 0-1: Ball 1-1: Called Strike 1-2: Foul Ball, location: 2F 1-2: Fly out, F9 (Line Drive, 9, EV 87.5 MPH)
|
| Bottom of the 7th over - 0 runs, 0 hits, 0 errors, 0 left on base; Oakland 6 - Los Angeles 1 |
| TOP OF THE 8TH |
|
Oakland Athletics batting - Pitching for Los Angeles Dodgers : RHP Chris Geraci
|
|
Pitching: RHP Craig Fallon
|
|
|
Batting: LHB Bob Branham
|
0-0: Foul Ball, location: 2F 0-1: Ball 1-1: Ball 2-1: Foul Ball, location: 2F 2-2: Strikes out swinging
|
|
Batting: RHB Jorge Severiano
|
0-0: Called Strike 0-1: Ball 1-1: Ball 2-1: Ball 3-1: Foul Ball, location: 2F 3-2: Strikes out swinging
|
|
Batting: SHB Quincy Bradford
|
0-0: Called Strike 0-1: Ball 1-1: Ball 2-1: Called Strike 2-2: Foul Ball, location: 2F 2-2: Ball 3-2: Base on Balls
|
|
Batting: LHB Tom Butterbaugh
|
0-0: Called Strike Quincy Bradford steals 2nd base 0-1: Fly out, F7 (Flyball, 7, EV 89.4 MPH)
|
| Top of the 8th over - 0 runs, 0 hits, 0 errors, 1 left on base; Oakland 6 - Los Angeles 1 |
| BOTTOM OF THE 8TH |
|
Los Angeles Dodgers batting - Pitching for Oakland Athletics : LHP David James
|
|
Batting: SHB Shane Marcum
|
0-0: Called Strike 0-1: Called Strike 0-2: Strikes out swinging
|
|
Pinch Hitting: RHB Clay Buchanan
|
0-0: Ball 1-0: Fly out, F8 (Flyball, 8LD, EV 94.4 MPH)
|
|
Batting: RHB Danny Dyer
|
0-0: Called Strike 0-1: Ball 1-1: Ground out 2-3 (Groundball, 2L, EV 67.5 MPH)
|
| Bottom of the 8th over - 0 runs, 0 hits, 0 errors, 0 left on base; Oakland 6 - Los Angeles 1 |
| TOP OF THE 9TH |
|
Oakland Athletics batting - Pitching for Los Angeles Dodgers : RHP Craig Fallon
|
|
Pitching: RHP Geoff Mooney
|
|
|
Now at 1B: John Piccolo
|
|
|
Now at 3B: Shane Marcum
|
|
|
Now at SS: Clay Buchanan
|
|
|
Batting: LHB Juan Concepcion
|
0-0: Foul Ball, location: 2F 0-1: Swinging Strike 0-2: Ball 1-2: Strikes out swinging
|
|
Batting: RHB Nick Gentzel
|
0-0: Called Strike 0-1: Ball 1-1: Called Strike 1-2: Ball 2-2: Strikes out swinging
|
|
Batting: SHB Ryan Langlois
|
0-0: Called Strike 0-1: Ball 1-1: Called Strike 1-2: Ball 2-2: Foul Ball, location: 2F 2-2: Foul Ball, location: 2F 2-2: Strikes out swinging
|
| Top of the 9th over - 0 runs, 0 hits, 0 errors, 0 left on base; Oakland 6 - Los Angeles 1 |
| BOTTOM OF THE 9TH |
|
Los Angeles Dodgers batting - Pitching for Oakland Athletics : LHP David James
|
|
Batting: RHB John Piccolo
|
0-0: Ball 1-0: Ball 2-0: Ground out 5-3 (Groundball, 25, EV 95.0 MPH)
|
|
Batting: RHB Wing-kit Bu
|
0-0: Fly out, F7 (Flyball, 7, EV 95.6 MPH)
|
|
Batting: SHB Benjamin Brown
|
0-0: Swinging Strike 0-1: Ground out 3-1 (Groundball, 13, EV 87.5 MPH)
|
| Bottom of the 9th over - 0 runs, 0 hits, 0 errors, 0 left on base; Oakland 6 - Los Angeles 1 |
|